 Dungeon Crawl Stone Soup version 0.32-a0-406-gdbcfc42 (webtiles) character file.

Game seed: 1672626754370902537

12293 jagoly the Cleaver (level 11, -3/89 HPs)
             Began as an Armataur Berserker on Feb 20, 2024.
             Was an Elder of Trog.
             Slain by a polar bear (5 damage)
             ... in an ice cave.
             The game lasted 00:44:32 (8704 turns).

jagoly the Cleaver (Armataur Berserker)             Turns: 8704, Time: 00:44:33

Health: -3/89      AC: 10    Str: 26    XL:     11   Next: 60%
Magic:  11/11      EV:  9    Int:  7    God:    Trog [****..]
Gold:   501        SH:  0    Dex: 11    Spells: 10/10 levels left

rFire   . . .        S - +4 battleaxe
rCold   + . .        (shield currently unavailable)
rNeg    . . .        b - +2 ring mail {rF+}
rPois   .            (no helmet)
rElec   .            F - +0 cloak
rCorr   .            (no gloves)
SInv    .            (no barding)
Will    .....        q - amulet of regeneration
Stlth   +            s - ring of ice
HPRegen 1.14/turn    (no ring)
MPRegen 0.12/turn

%: roll
@: no status effects
A: large, deformed body, tough skin 3, armoured tail, roll 2
a: Renounce Religion, Berserk, Trog's Hand, Brothers in Arms


You were in an ice cave.
You worshipped Trog.
Trog was greatly pleased with you.
You visited 1 branch of the dungeon, and saw 11 of its levels.
You also visited: Ice Cave.

You collected 501 gold pieces.

Inventory:

Hand Weapons
 a - a +0 war axe
 w - a +2 mace of freezing
 N - a +0 orcbow
 P - the +4 whip of the Flying Gods {drain, Int-4 Dex+7}
   (You found it on level 8 of the Dungeon)

   Int-4:     It affects your intelligence (-4).
   Dex+7:     It affects your dexterity (+7).
 R - a +5 trident
 S - a +4 battleaxe (weapon)
Missiles
 c - 97 stones (quivered)
 m - 20 poisoned darts
 z - 4 javelins
 H - 2 throwing nets
Armour
 b - a +2 ring mail of fire resistance (worn)
 j - the +3 leather armour "Qyanoun" {rC+ rN+ rCorr Dex-3}
   (You took it off a kobold on level 10 of the Dungeon)

   Dex-3:     It affects your dexterity (-3).
   rC+:       It protects you from cold.
   rN+:       It protects you from negative energy.
   rCorr:     It protects you from acid and corrosion.
 F - a +0 cloak (worn)
 K - a +0 kite shield
Jewellery
 q - an amulet of regeneration (around neck)
 s - a ring of ice (left hand)
 v - an amulet of faith
 J - a ring of magical power
Wands
 t - a wand of polymorph (9)
 B - a wand of iceblast (16)
 E - a wand of flame (32)
 I - a wand of paralysis (29)
Scrolls
 f - 2 scrolls of enchant weapon {unknown}
 g - 3 scrolls of teleportation
 i - 2 scrolls of immolation {unknown}
 l - 3 scrolls of vulnerability
 n - 2 scrolls of summoning {unknown}
 r - 2 scrolls of revelation {unknown}
 u - 3 scrolls of enchant armour
 y - a scroll of fear {unknown}
 C - a scroll of brand weapon {unknown}
 D - a scroll of poison {unknown}
 G - 5 scrolls of fog
 L - a scroll of amnesia {unknown}
 M - a scroll of noise {unknown}
 O - a scroll of blinking {unknown}
Potions
 d - a potion of cancellation {unknown}
 e - 3 potions of curing
 h - 2 potions of resistance
 k - 2 potions of brilliance {unknown}
 o - a potion of ambrosia
 p - 2 potions of invisibility {unknown}
 x - 2 potions of attraction {unknown}
 A - a potion of mutation
 Q - a potion of might {unknown}
 T - a potion of heal wounds {unknown}
 U - a potion of berserk rage {unknown}
 V - a potion of magic {unknown}


   Skills:
 - Level 6.0 Fighting
 + Level 13.4 Axes
 - Level 9.0 Armour
 - Level 3.0 Dodging
 - Level 2.0 Stealth


You had 10 spell levels left.
You didn't know any spells.
Your spell library was empty.

Dungeon Overview and Level Annotations

Branches:
Dungeon (11/15) Zot: 26670  Temple (0/1) D:6            Lair (0/5) D:11
    Orc (0/2) D:9           IceCv (1/1) Zot: 5899

Altars:
Makhleb
Nemelex Xobeh
Okawaru
Qazlal
Ru
Trog
Vehumet
Wu Jian

Annotations:
D:7 2 transporters, Lovepenguin's ghost, novice CoGl
D:8 3 runed translucent doors


Innate Abilities, Weirdness & Mutations

Armour fits poorly on your strangely shaped body.
You have extremely tough skin. (AC +3)
You have a long armoured tail.
You regenerate magic and health when rolling toward enemies. (Rampage Regen)


Message History

Your tail-slap misses the green ugly thing.
The green ugly thing is lightly wounded.
The green ugly thing pecks you.
You slash the green ugly thing!
The green ugly thing is moderately wounded.
The green ugly thing pecks you.
You slash the green ugly thing!
The green ugly thing is moderately wounded.
The green ugly thing pecks you!
You are poisoned.
The green ugly thing poisons you!
You hit the green ugly thing but do no damage.
Your tail-slap misses the green ugly thing.
The green ugly thing is moderately wounded.
You feel extremely sick. The green ugly thing pecks you!
You barely miss the green ugly thing.
The green ugly thing is moderately wounded.
You feel very sick. The green ugly thing pecks you.
You slice the green ugly thing!!
Your tail-slap misses the green ugly thing.
The green ugly thing is severely wounded.
You feel very sick. The green ugly thing barely misses you.
You slice the green ugly thing!!
The green ugly thing is almost dead.
You feel very sick. The green ugly thing pecks you!
* * * LOW HITPOINT WARNING * * *
Hit: S) +4 battleaxe
Press: ? - help, Dir - move target, f - green ugly thing
Aim: a green ugly thing (almost dead, about 36% to evade your +4 battleaxe)
You barely miss the green ugly thing.
The green ugly thing is almost dead.
You feel very sick.
The green ugly thing pecks you but does no damage.
Hit: S) +4 battleaxe
Press: ? - help, Dir - move target, f/p - green ugly thing
Aim: a green ugly thing (almost dead, about 36% to evade your +4 battleaxe)
You slice the green ugly thing!!
You kill the green ugly thing!
Trog accepts your kill.
You feel sick.
Your Axes skill increases to level 13!
You start resting.
You feel sick. x7
You are no longer poisoned.
You start resting.
You hear the crackling of a very distant melting archway.
You start resting.
HP restored.
HP restored.
You open the door.
An orc warrior and 2 orcs come into view.
The orc warrior shouts!
The orc shouts! x2
Found 13 gold pieces, a crude robe, 4 stones, a chain mail and a ring mail.
Press: ? - help, v - describe, . - travel
Here: an orc warrior, wielding a +4 glaive and wearing a +0 chain mail The floor.
A laughing skull comes into view.
You roll towards the orc!
You barely miss the orc. The orc hits you with a +4 dagger.
A red film seems to cover your vision as you go berserk!
You feel yourself moving faster!
You feel mighty! The orc barely misses you.
You slice the orc!!
You kill the orc!
Trog accepts your kill.
You closely miss the orc.
A basilisk comes into view.
The basilisk hisses angrily.
You slash the orc!
You kill the orc!
Trog accepts your kill.
You slice the laughing skull!!
The laughing skull is severely damaged.
The laughing skull chuckles harshly at the inescapable nature of violence.
The laughing skull lets out a vicious peal of laugher.
The bolt of negative energy hits you!
You feel drained.
A cyclops comes into view.
You miss the laughing skull.
The laughing skull is severely damaged.
The laughing skull headbutts you. The orc warrior barely misses you.
You miss the laughing skull.
Your tail-slap misses the laughing skull.
The laughing skull is severely damaged.
The laughing skull headbutts you but does no damage.
You miss the laughing skull.
The laughing skull is severely damaged.
The laughing skull barely misses you.
The orc warrior hits you from afar with a +4 glaive!
You miss the laughing skull.
The laughing skull is severely damaged.
The laughing skull headbutts you!
The orc warrior hits you from afar with a +4 glaive!!
You slash the laughing skull!
You destroy the laughing skull!
Trog accepts your kill.
You roll towards the orc warrior!
You slice the orc warrior!!
Your tail-slap misses the orc warrior.
The orc warrior is almost dead.
The orc warrior hits you with a +4 glaive!
* * * LOW HITPOINT WARNING * * *
Hit: S) +4 battleaxe
Press: ? - help, Dir - move target, f - orc warrior
Aim: an orc warrior, wielding a +4 glaive and wearing a +0 chain mail (almost dead, about 39% to evade your +4 battleaxe)
You slice the orc warrior!!
You kill the orc warrior!
Trog accepts your kill. The basilisk gazes at you.
You are slowing down.
You roll towards the basilisk!
You slice the basilisk!!
Your tail-slap misses the basilisk.
The basilisk is almost dead.
The basilisk barely misses you.
Your limbs are stiffening.
Hit: S) +4 battleaxe
Press: ? - help, Dir - move target, f - basilisk
Aim: a basilisk (almost dead, about 42% to evade your +4 battleaxe)
You closely miss the basilisk.
The basilisk is almost dead.
You slash the cyclops!
You hear the crackling of a distant melting archway.
The basilisk barely misses you.
Hit: S) +4 battleaxe
Press: ? - help, Dir - move target, f/p - basilisk
Aim: a basilisk (almost dead, about 42% to evade your +4 battleaxe)
You barely miss the basilisk.
Your tail-slap misses the basilisk.
The basilisk is almost dead.
You slash the cyclops!
The cyclops hits you but does no damage.
The basilisk bites you!
You have turned to stone.
The basilisk bites you.
The cyclops hits you but does no damage.
The basilisk bites you but does no damage.
You are no longer berserk.
You feel yourself slow down. Something hits you but does no damage.
Deactivating autopickup; reactivate with Ctrl-A.
The cyclops hits you! The basilisk gazes at you. Something hits you.
* * * LOW HITPOINT WARNING * * *
The cyclops hits you.
* * * LOW HITPOINT WARNING * * *
The basilisk gazes at you. You resist with some effort.
The basilisk bites you but does no damage.
Something hits you. Something hits you but does no damage.
The cyclops hits you!!
* * * LOW HITPOINT WARNING * * *
Something hits you.
* * * LOW HITPOINT WARNING * * *
The basilisk bites you but does no damage.
Something hits you.
* * * LOW HITPOINT WARNING * * *
The cyclops hits you!!
* * * LOW HITPOINT WARNING * * *
The basilisk gazes at you. You resist with some effort.
You turn to flesh and can move again.
Unknown command.
Unknown command.
Okay, then.
Aiming: Polymorph
Press: ? - help, Shift-Dir - straight line, f - cyclops, p - basilisk
Aim: a cyclops, quivering large rocks (moderately wounded, will become a sun moth, a death drake, or a water nymph, chance to affect: 31%)
Okay, then.
Unknown command.
Press: ? - help, v - describe, . - travel
Here: a cyclops, quivering large rocks (moderately wounded)
The floor, spattered with blood.
Unknown command.
Okay, then.
Okay, then.
Okay, then.
You are unable to berserk.
You are slowed.
Your life force is lightly drained.
Your movement speed is very slow.
Your attack delay is about 1.6.
Your damage rating with your +4 battleaxe is about 33 (Base 15 x 140% (Str) x 138% (Skill) + 4 (Ench)).
Unknown command.
Okay, then.
Okay, then.
Okay, then.
Press: ? - help, v - describe, . - travel, g - get item
Items here: a +4 glaive; a +0 chain mail.
An open door, spattered with blood.
Press: ? - help, v - describe, . - travel
Here: a cyclops, quivering large rocks (moderately wounded)
The floor, spattered with blood.
Press: ? - help, v - describe, . - travel
Here: a basilisk (almost dead)
The floor, spattered with blood.
Unknown command.
Press: ? - help, v - describe, . - travel
Here: a cyclops, quivering large rocks (moderately wounded)
The floor, spattered with blood.
You are unable to berserk.
You are slowed.
Your life force is lightly drained.
Your movement speed is very slow.
Your attack delay is about 1.6.
Your damage rating with your +4 battleaxe is about 33 (Base 15 x 140% (Str) x 138% (Skill) + 4 (Ench)).
Unknown command.
Unknown command.
Okay, then.
Unknown command.
Unknown command.
Unknown command.
Something hits you.
* * * LOW HITPOINT WARNING * * *
Something hits you but does no damage. The basilisk gazes at you.
You are slowing down.
You see here a +0 dagger.
Unknown command.
Unknown command.
As you read the scroll of teleportation, it crumbles to dust.
You feel strangely unstable. Something hits you!
* * * LOW HITPOINT WARNING * * *
Something hits you but does no damage. x2; The basilisk barely misses you.
You have turned to stone.
Your surroundings suddenly seem different.
You turn to flesh and can move again.
Unknown command.
Unknown command.
You swing at nothing.
You swing at nothing.
You swing at nothing.
You start resting.
You feel yourself speed up.
You start resting.
You hear the steady crackling of a very distant melting archway.
You recover from your berserk rage.
You start resting.
HP restored.
You start resting.
HP restored.
You open the door.
A centaur comes into view.
The centaur wields a +0 orcbow.
The centaur shoots an arrow.
The arrow hits you!
The centaur shoots an arrow.
The arrow hits you!
You close the door.
You hear the steady crackling of a melting archway very nearby.
You start resting.
A centaur opens the door.
It is wielding a +0 orcbow.
You roll towards the centaur!
You barely miss the centaur.
The centaur unwields a +0 orcbow.
The centaur hits you but does no damage.
The centaur barely misses you.
You barely miss the centaur. The centaur completely misses you.
The centaur kicks you but does no damage.
The centaur hits you but does no damage.
The centaur barely misses you.
You completely miss the centaur. The centaur barely misses you.
The centaur kicks you but does no damage.
You completely miss the centaur. The centaur hits you. The centaur kicks you.
The centaur closely misses you.
The centaur kicks you but does no damage.
You slash the centaur!
The centaur is heavily wounded.
The centaur closely misses you.
The centaur kicks you but does no damage.
You barely miss the centaur.
The centaur is heavily wounded.
The centaur hits you. The centaur kicks you.
The centaur hits you but does no damage.
The centaur barely misses you.
You slash the centaur!
You kill the centaur!
Trog accepts your kill.
Your life force feels restored.
No target in view!
HP restored.
Found a murky green potion.
Found a staircase to the Lair.
Unknown command.
You hear the steady crackling of a melting archway.
You see here a murky green potion.
V - a murky green potion 2 rime drakes come into view.
Found a frozen archway.
The rime drake hisses angrily. x2
Unknown command.
You closely miss the rime drake. The rime drake bites you.
The rime drake breathes ice at you. The icy flash freeze hits you.
You are encased in ice.
You slice the rime drake!!
The rime drake is almost dead.
You hit the rime drake. The rime drake barely misses you.
The rime drake bites you but does no damage.
The rime drake barely misses you.
You closely miss the rime drake.
The rime drake is almost dead.
You slash the rime drake! The ice encasing you melts away.
The rime drake bites you but does no damage. x2
You slash the rime drake!
You kill the rime drake!
Trog accepts your kill.
You slash the rime drake! The rime drake breathes ice at you.
The icy flash freeze hits you! You partially resist.
You are encased in ice.
The rime drake bites you.
You miss the rime drake.
The rime drake is almost dead.
The rime drake bites you but does no damage.
You barely miss the rime drake.
The rime drake is almost dead.
The rime drake closely misses you.
You miss the rime drake.
The rime drake is almost dead.
The ice encasing you melts away.
The rime drake bites you but does no damage.
You slash the rime drake!
You kill the rime drake!
Trog accepts your kill.
There is a frozen archway here.
You start resting.
HP restored.
You start resting.
HP restored.
The world spins around you as you enter the gateway.
You enter an ice cave!
Reactivating autopickup.
The wolf howls!
The yak bellows! x2
Found an ice covered gate leading back out of this place.
There is an ice choked empty arch of ancient stone here.
The wolf bites you.
You barely miss the wolf. The wolf closely misses you.
The wolf completely misses you.
You miss the wolf. The wolf barely misses you. x2
You barely miss the wolf. The wolf barely misses you.
You slice the wolf!!
The wolf is almost dead.
The wolf barely misses you. The wolf bites you!
You hit the wolf. You tail-slap the wolf.
You kill the wolf!
Trog accepts your kill.
You hit the yak but do no damage. The yak gores you!
You slash the yak!
The yak is lightly wounded.
The yak gores you!
You slice the yak!!
The yak is severely wounded.
The yak gores you but does no damage.
You slash the yak!
The yak is almost dead.
The yak gores you but does no damage.
You completely miss the yak.
The yak is almost dead.
The yak closely misses you.
You slash the yak!
You kill the yak!
Trog accepts your kill.
You slash the yak!
Your tail-slap misses the yak.
The yak is moderately wounded.
The yak gores you!
You hit the yak.
The yak is moderately wounded.
The yak gores you!
You slice the yak!! You tail-slap the yak!
The yak is almost dead.
The yak gores you.
You slice the yak!!
You kill the yak!
Trog accepts your kill.
You slash the yak!
The yak is moderately wounded.
The yak gores you but does no damage.
You slice the yak!!
You kill the yak!
Trog accepts your kill.
No target in view!
You are engulfed in freezing vapours.
You resist.
* * * LOW HITPOINT WARNING * * *
Things that are here:
a yak corpse; a wolf corpse Unknown command.
Unknown command.
You start resting.
HP restored.
You start resting.
HP restored.
There is an ice covered gate leading back out of this place here.
There is an ice choked empty arch of ancient stone here.
Found a scale mail.
A yak comes into view.
You throw a stone.
The stone hits the yak but does no damage.
The yak bellows!
You hear a bellow! x2; You hear an angry growl.
A yak comes into view.
You hear an angry growl.
The yak snorts and paws the ground.
A yak comes into view.
A polar bear comes into view.
You are engulfed in freezing vapours.
You resist.
The polar bear growls angrily.
The yak bellows!
Unknown command.
You are engulfed in freezing vapours.
You resist. The yak gores you!
Unknown command.
Unknown command.
A polar bear comes into view.
Unknown command.
Unknown command.
The polar bear growls angrily.
You hit the yak.
The yak is lightly wounded.
The yak is engulfed in freezing vapours.
The yak gores you!
You slice the yak!!
You kill the yak!
Trog accepts your kill.
The polar bear is engulfed in freezing vapours.
Your skin crawls.
You feel strong-willed.
You completely miss the polar bear.
The polar bear is lightly wounded.
The polar bear bites you but does no damage.
The polar bear claws you but does no damage. x2
You barely miss the polar bear.
The polar bear is lightly wounded.
The polar bear barely misses you.
The polar bear claws you but does no damage.
The polar bear claws you.
The polar bear is engulfed in freezing vapours.
You slice the polar bear!!
Your tail-slap misses the polar bear.
The polar bear is heavily wounded.
You feel the effects of Trog's Hand fading.
The polar bear bites you.
The polar bear claws you but does no damage.
The polar bear closely misses you.
You barely miss the polar bear.
The polar bear is heavily wounded.
You slice the polar bear!!
The yak is engulfed in freezing vapours.
The polar bear barely misses you.
The polar bear claws you but does no damage. x2
The polar bear bites you!
The polar bear claws you but does no damage. x2
The yak is engulfed in freezing vapours.
You hit the polar bear.
The polar bear is heavily wounded.
You hit the polar bear. The polar bear bites you.
The polar bear claws you but does no damage.
The polar bear closely misses you.
The polar bear bites you but does no damage.
The polar bear claws you but does no damage. x2
The yak snorts and paws the ground.
The yak is engulfed in freezing vapours.
You hit the polar bear but do no damage.
The polar bear is severely wounded.
You slash the polar bear!
The polar bear goes berserk!
The yak is engulfed in freezing vapours.
The polar bear bites you! The polar bear claws you.
The polar bear closely misses you.
You barely miss the polar bear. You tail-slap the polar bear!
The polar bear is almost dead.
You slash the polar bear! The polar bear closely misses you.
The polar bear claws you but does no damage.
The polar bear claws you. The polar bear bites you!
* * * LOW HITPOINT WARNING * * *
The polar bear barely misses you. The polar bear closely misses you.
The yak is engulfed in freezing vapours.
The polar bear bites you!!
* * * LOW HITPOINT WARNING * * *
The polar bear claws you but does no damage.
The polar bear claws you.
* * * LOW HITPOINT WARNING * * *
Hit: S) +4 battleaxe
Press: ? - help, Dir - move target, f - polar bear, p - yak
Aim: a polar bear (almost dead, berserk, about 29% to evade your +4 battleaxe)
You completely miss the polar bear.
The polar bear is almost dead.
You completely miss the polar bear.
Your skin stops crawling.
You feel less strong-willed. The polar bear bites you!
* * * LOW HITPOINT WARNING * * *
The polar bear claws you.
* * * LOW HITPOINT WARNING * * *
The polar bear claws you but does no damage.
The polar bear goes berserk!
The yak is engulfed in freezing vapours.
The yak dies!
Unknown command.
Unknown command.
Okay, then.
Unknown command.
Okay, then.
Okay, then.
Hit: S) +4 battleaxe
Press: ? - help, Dir - move target, f - polar bear, p - polar bear
Aim: a polar bear (almost dead, berserk, about 29% to evade your +4 battleaxe)
You slash the polar bear!
You kill the polar bear!
Trog accepts your kill.
You barely miss the polar bear. The polar bear bites you.
* * * LOW HITPOINT WARNING * * *
The polar bear claws you.
* * * LOW HITPOINT WARNING * * *
The polar bear claws you.
* * * LOW HITPOINT WARNING * * *
The polar bear barely misses you.
The polar bear claws you but does no damage.
The polar bear claws you.
You die...

#.∩†#.....#
##..##..##..
#.∩.####
#...# #...##
##...# #...##
##..# ##@## #
#
#hY####☼#[...
##.§#§§§...#
##.☼##..###
#.○§☼# ..#
#.#..## .#
##..## .#
.h## # ...


You could see a polar bear (berserk) and a yak.

Vanquished Creatures
  Pikel (D:4)
  A cyclops (D:11)
  An ugly thing (D:11)
  2 rime drakes (D:11)
  A troll (D:11)
  3 polar bears
  A hornet (D:9)
  Grinder (D:3)
  Prince Ribbit (D:7)
  A centaur simulacrum (D:10)
  A shadow (D:10)
  A wyvern (D:10)
  An unseen horror simulacrum (D:10)
  A vampire (D:10)
  11 yaks
  5 steam dragons
  A vampire mosquito (D:11)
  Menkaure (D:5)
  The ghost of Dega the Shield-Bearer, an amateur VSFi (D:4)
  A water moccasin (D:8)
  Duvessa (D:5)
  A laughing skull (D:11)
  3 orc warriors
  3 sky beasts (D:7)
  A black bear (D:6)
  8 ice beasts
  2 wolves
  3 ogres
  6 centaurs
  A lemure (D:4)
  A phantom (D:5)
  2 kobold brigands
  A gnoll sergeant (D:9)
  6 bullfrogs
  3 scorpions
  14 wights
  Dowan (D:5)
  14 killer bees
  5 electric eels
  3 hounds
  2 bombardier beetles
  3 orc priests
  2 gnoll boudas
  Crazy Yiuf (D:5)
  A sleepcap (D:4)
  Ijyb (D:5)
  Jessica (D:3)
  5 iguanas
  3 orc wizards (D:4)
  21 gnolls
  11 adders
  2 white imps
  A howler monkey simulacrum (D:10)
  3 ufetubi (D:10)
  2 dart slugs
  A ribbon worm (D:5)
  20 orcs
  7 bats
  7 endoplasms
  5 giant cockroaches
  3 goblins (D:1)
  8 hobgoblins
  5 quokkas
  4 ball pythons
  4 frilled lizards
  21 kobolds
  2 rats
262 creatures vanquished.

Vanquished Creatures (others)
  An arcanist (D:7)
  A yak (IceCv)
2 creatures vanquished.

Grand Total: 264 creatures vanquished

Notes
Turn   | Place    | Note
-------+----------+-------------------------------------------
     0 | D:1      | jagoly the Armataur Berserker began the quest for the Orb.
     0 | D:1      | Reached XP level 1. HP: 18/18 MP: 1/1
    92 | D:1      | Reached skill level 1 in Stealth
   143 | D:1      | Reached XP level 2. HP: 25/25 MP: 2/2
   322 | D:1      | Reached skill level 3 in Axes
   505 | D:1      | You fall into a shaft and drop 1 floor!
   538 | D:2      | Reached XP level 3. HP: 30/30 MP: 3/3
   810 | D:2      | Reached ** piety under Trog
  1104 | D:1      | Reached XP level 4. HP: 37/37 MP: 4/4
  1536 | D:2      | Reached skill level 4 in Axes
  1748 | D:3      | Reached XP level 5. HP: 42/42 MP: 5/5
  1956 | D:3      | Noticed an ogre
  1957 | D:3      | Noticed Jessica
  1990 | D:3      | Killed an ogre
  1991 | D:3      | Reached skill level 5 in Axes
  2033 | D:3      | Noticed Grinder
  2041 | D:3      | Paralysed by Grinder for 3 turns
  2049 | D:3      | Killed Grinder
  2050 | D:3      | Reached skill level 6 in Axes
  2050 | D:3      | Reached XP level 6. HP: 51/51 MP: 6/6
  2358 | D:3      | Killed Jessica
  2585 | D:4      | Noticed Pikel
  2598 | D:4      | Killed Pikel
  2599 | D:4      | Reached skill level 7 in Axes
  2599 | D:4      | Gained mutation: You regenerate magic and health when
                  | rolling toward enemies. (Rampage Regen) [Armataur growth]
  2599 | D:4      | Reached XP level 7. HP: 55/57 MP: 7/7
  2750 | D:4      | Reached XP level 8. HP: 63/63 MP: 8/8
  2766 | D:4      | Found a runed translucent door.
  2767 | D:4      | Noticed Dega's ghost (amateur VSFi)
  2860 | D:4      | Reached *** piety under Trog
  3177 | D:4      | Killed Dega's ghost
  3178 | D:4      | Reached skill level 8 in Axes
  3226 | D:5      | Entered Level 5 of the Dungeon
  3269 | D:5      | Noticed Dowan
  3406 | D:5      | Found a burning altar of Makhleb.
  3474 | D:5      | Noticed Menkaure
  3482 | D:5      | Killed Menkaure
  3502 | D:5      | Noticed Ijyb
  3513 | D:5      | Killed Ijyb
  3713 | D:5      | Found a runed translucent door.
  3714 | D:5      | Noticed Crazy Yiuf
  3720 | D:5      | Killed Crazy Yiuf
  3721 | D:5      | Reached skill level 9 in Axes
  4007 | D:5      | Noticed Duvessa
  4020 | D:5      | Killed Dowan
  4025 | D:5      | Killed Duvessa
  4026 | D:5      | Reached XP level 9. HP: 69/69 MP: 9/9
  4228 | D:6      | Found a sacrificial altar of Ru.
  4228 | D:6      | Found a stormy altar of Qazlal.
  4327 | D:6      | Reached skill level 10 in Axes
  4372 | D:6      | Found a staircase to the Ecumenical Temple.
  4448 | D:6      | Found a radiant altar of Vehumet.
  4488 | D:6      | Reached skill level 5 in Armour
  4638 | D:6      | Reached **** piety under Trog
  5106 | D:7      | Found a transporter.
  5110 | D:7      | Found a transporter.
  5111 | D:7      | Noticed a queen bee
  5111 | D:7      | Noticed Lovepenguin's ghost (novice CoGl)
  5313 | D:7      | Reached skill level 5 in Fighting
  5514 | D:7      | Reached XP level 10. HP: 79/81 MP: 10/10
  5697 | D:7      | Found a bloodstained altar of Trog.
  5698 | D:7      | Noticed a wizard
  5704 | D:7      | Killed a wizard
  5877 | D:7      | Noticed Prince Ribbit
  5906 | D:7      | Killed Prince Ribbit
  6033 | D:8      | Found a runed translucent gate.
  6033 | D:8      | Found a runed translucent gate.
  6033 | D:8      | Found a runed translucent gate.
  6033 | D:8      | Noticed a brown ugly thing
  6033 | D:8      | Noticed a green ugly thing
  6033 | D:8      | Noticed a green ugly thing
  6458 | D:8      | Identified the +4 whip of the Flying Gods {drain, Int-4
                  | Dex+7}
  7051 | D:9      | Reached skill level 11 in Axes
  7161 | D:9      | Found an ornate altar of the Wu Jian Council.
  7214 | D:9      | Paralysed by a hornet for 3 turns
  7284 | D:9      | Found a staircase to the Orcish Mines.
  7358 | D:10     | Entered Level 10 of the Dungeon
  7601 | D:10     | Reached XP level 11. HP: 66/89 MP: 11/11
  7727 | D:10     | Reached skill level 12 in Axes
  7965 | D:10     | Identified the +3 leather armour "Qyanoun" {rC+ rN+ rCorr
                  | Dex-3}
  8226 | D:10     | Found a sparkling altar of Nemelex Xobeh.
  8231 | D:10     | Found an iron altar of Okawaru.
  8355 | D:11     | Noticed a green ugly thing
  8370 | D:11     | Killed a green ugly thing
  8371 | D:11     | Reached skill level 13 in Axes
  8564 | D:11     | Found a staircase to the Lair.
  8585 | D:11     | Found a frozen archway.
  8605 | IceCv    | Entered an ice cave
  8704 | IceCv    | HP: 3/89 [polar bear (3)]
  8704 | IceCv    | Slain by a polar bear

Illustrated notes

Levels and vault maps discovered:
D:1:      minmay_arrival_four_loops, layout_loops_ring
D:2:      layout_basic
D:3:      layout_loops_ring, hangedman_decor_diamond_cutter, minmay_circle_x,
          uniq_grinder, uniq_jessica
D:4:      layout_cave_pools, ebering_ghost_reflecting_pool, minmay_fountain_box,
          uniq_pikel
D:5:      nicolae_BIG_FREAKIN_CUBE, layout_cave_pools, lemuel_crystal_altar,
          uniq_duvessa, uniq_crazy_yiuf_cottage, uniq_menkaure, uniq_ijyb
D:6:      layout_gridville, mainiacjoe_overflow_catwalk,
          grunt_temple_overflow_open, minmay_temple_entry_wispy
D:7:      layout_basic, trog_wizard, gammafunk_ghost_hive, hangedman_misty_isle,
          uniq_prince_ribbit1
D:8:      layout_rooms, ploomutoo_gammafunk_ghost_potion_laboratory,
          nrook_pool_corridor
D:9:      layout_cave_pools, nzn_wu_jian_council_hall, orc_0_dummy
D:10:     layout_cave_pools, mainiacjoe_overflow_big_doors, serial_ice,
          serial_ice_c, serial_ice_j, serial_ice_m, serial_ice_o, serial_ice_h,
          serial_ice_g, serial_ice_b, serial_ice_a
D:11:     kennysheep_blocky_room, layout_stronghold, dpeg_oklobed_lair,
          portal_ice_cave_rime
IceCv:    ice_cave_caverns_02

Skill      XL: |  1  2  3  4  5  6  7  8  9 10 11 |
---------------+----------------------------------+-----
Stealth        | 2 |  2.0
Axes           | 3 4 6 7 9 10 11 13 | 13.4
Fighting       | 3 5 6 |  6.0
Dodging        | 2 3 |  3.0
Armour         | 4 7 9 |  9.0

Action                     |  1- 3 |  4- 6 |  7- 9 | 10-12 || total
---------------------------+-------+-------+-------+-------++-------
  Melee: Hand axe          |    73 |   126 |    15 |       ||   214
         Tailslap          |     6 |    10 |    64 |    47 ||   127
         War axe           |       |       |   341 |   132 ||   473
         Battleaxe         |       |       |       |   232 ||   232
         Whip              |       |       |       |    51 ||    51
  Throw: Stone             |       |     3 |     2 |     6 ||    11
         Dart              |       |     1 |     6 |     2 ||     9
 Invoke: Berserk           |     1 |     4 |     6 |     4 ||    15
         Trog's Hand       |       |     1 |     1 |     3 ||     5
  Evoke: Wand              |       |       |     1 |     5 ||     6
    Use: Scroll            |       |       |     1 |     7 ||     8
   Stab: Sleeping          |     6 |     6 |       |       ||    12
         Distracted        |     1 |       |       |       ||     1
 Armour: Animal skin       |    37 |    63 |       |       ||   100
         Ring mail         |       |    11 |   268 |   458 ||   737
  Dodge: Dodged            |    21 |    43 |   127 |   186 ||   377

Table legend: (Time is in decaauts)
 A = Elapsed time spent in this place.
 B = Non-inter-level travel time spent in this place.
 C = Inter-level travel time spent in this place.
 D = Time resting spent in this place.
 E = Time spent auto-exploring this place.
 F = Levels seen in this place.
 G = Mean time per level.
                   A        B        C        D        E       F      G
               +--------+--------+--------+--------+--------+-----+--------+
         Total |   8883 |   8430 |    453 |    827 |   4906 |  12 |  740.2 |
       Dungeon |   8783 |   8330 |    453 |    787 |   4906 |  11 |  798.5 |
      Ice Cave |     99 |     99 |      0 |     40 |      0 |   1 |   99.0 |
               +--------+--------+--------+--------+--------+-----+--------+

Top non-repeatable levels by time:
     D:6: 983 daAuts
    D:10: 941 daAuts
     D:1: 913 daAuts
     D:3: 884 daAuts
     D:7: 883 daAuts
     D:5: 857 daAuts
     D:4: 811 daAuts
     D:2: 776 daAuts
     D:8: 760 daAuts
     D:9: 642 daAuts
    D:11: 329 daAuts
   IceCv: 99 daAuts
